 Dungeon Crawl Stone Soup version 0.27.0-1-g7a089689b8 (webtiles) character file.

Game seed: 14053730778936710749

175 HoaS the Twirler (level 5, -2/30 HPs)
             Began as a Gargoyle Gladiator on Aug 15, 2021.
             Slain by Edmund (8 damage)
             ... on level 4 of the Dungeon.
             The game lasted 00:04:19 (2844 turns).

HoaS the Twirler (Gargoyle Gladiator)               Turns: 2844, Time: 00:04:20

Health: -2/30      AC:  9    Str: 18    XL:     5   Next: 55%
Magic:  5/5        EV: 12    Int:  9    God:
Gold:   141        SH:  0    Dex: 11    Spells: 4/4 levels left

rFire    . . .     SeeInvis .   a - +1 quarterstaff
rCold    . . .     Faith    .   (shield currently unavailable)
rNeg     + . .     Spirit   .   b - +0 leather armour
rPois    ∞         Reflect  .   g - +1 helmet
rElec    +         Harm     .   (no cloak)
rCorr    .         Rampage  .   (no gloves)
Will     .....                  (no boots)
Stlth    +.........             (no amulet)
HPRegen  0.10/turn              (no ring)
MPRegen  0.09/turn              (no ring)

@: no status effects
A: sickness immunity, AC +4, negative energy resistance 1, electricity
resistance, torment resistance 1, petrification resistance
a: no special abilities


You were on level 4 of the Dungeon.
You visited 1 branch of the dungeon, and saw 4 of its levels.

You collected 141 gold pieces.

Inventory:

Hand Weapons
 a - a +1 quarterstaff (weapon)
Missiles
 d - a throwing net (quivered)
 f - 14 arrows
Armour
 b - a +0 leather armour (worn)
 g - a +1 helmet (worn)
Scrolls
 k - a scroll of summoning
Potions
 e - a potion of haste
 h - a potion of might {unknown}
 j - 2 potions of lignification


   Skills:
 - Level 2.1 Fighting
 + Level 6.1 Staves
 - Level 1.7 Throwing
 - Level 2.4 Dodging


You had 4 spell levels left.
You didn't know any spells.
Your spell library contained the following spells:

 Spells                   Type           Power      Damage    Failure   Level
 Magic Dart               Conj           0%         1d3       43%         1
 Call Imp                 Summ           0%         N/A       58%         2
 Conjure Flame            Conj/Fire      0%         6-21      82%         3
 Ignite Poison            Fire/Tmut/Pois 0%         N/A       82%         3
 Mephitic Cloud           Conj/Pois/Air  0%         N/A       82%         3
 Sticky Flame             Conj/Fire      0%         2d3       99%         4


Dungeon Overview and Level Annotations

Branches:
Dungeon (4/15)
 Temple: D:4-7

Altars:
Makhleb

Shops:
D:1 [

Annotations:
D:4 Edmund


Innate Abilities, Weirdness & Mutations

You are immune to sickness and miasma.
Your stone body is resilient. (AC +4)
You are immune to poison.
You resist negative energy. (rN+)
You are resistant to electric shocks. (rElec)
You are resistant to unholy torment.
You are immune to petrification.


Message History

Edmund the Younger comes into view.
He is wielding a +0 flail of draining.
Edmund is nearby!
Edmund is nearby!
An iguana comes into view.
The iguana hisses angrily.
You hear a shout!
Edmund hits you with a +0 flail of draining!
An orc comes into view. It is wielding a +0 short sword.
You throw a throwing net. The throwing net closely misses Edmund.
Edmund hits you with a +0 flail of draining!
Throw: 2 throwing nets
Press: ? - help, Shift-Dir - straight line, f/p - Edmund
Aim: Edmund, wielding a +0 flail of draining and wearing a +0 leather armour (56% to hit)
You throw a throwing net. The throwing net hits Edmund.
Edmund is caught in the net!
Edmund struggles against the net.
You hit Edmund but do no damage.
Edmund struggles against the net.
You hit Edmund but do no damage.
Edmund struggles against the net.
You hit Edmund.
Edmund is lightly wounded.
The iguana bites you but does no damage.
An orc comes into view. It is wielding a +0 trident.
Edmund struggles against the net.
The orc shouts!
You sock Edmund!
Edmund is moderately wounded.
The iguana bites you.
Edmund struggles against the net.
You hit Edmund.
Edmund is moderately wounded.
The iguana bites you!
* * * LOW HITPOINT WARNING * * *
Edmund struggles against the net.
The net rips apart, and Edmund comes free!
You barely miss Edmund.
Edmund is moderately wounded.
The iguana barely misses you. The orc misses you. Edmund completely misses you.
You barely miss Edmund.
Edmund is moderately wounded.
The iguana barely misses you. The orc barely misses you.
Edmund hits you with a +0 flail of draining!
You die...

#.....# #.....#
#######.....#####
................#
................#
................#
......l.........#
(...o.@@........#
......o.........#
................#
.####....########
#....# #....#
#....# #....#
#....


You could see Edmund, an iguana and 2 orcs.

Vanquished Creatures
  A wyvern skeleton (D:3)
  4 adders
  A white imp (D:3)
  A worm (D:3)
  2 dart slugs
  8 endoplasms
  2 giant cockroaches (D:2)
  6 goblins
  10 hobgoblins
  8 jackals
  6 kobolds
  2 quokkas (D:1)
  5 ball pythons
  5 bats
  5 frilled lizards
  4 rats (D:1)
70 creatures vanquished.

Notes
Turn   | Place    | Note
-------+----------+-------------------------------------------
     0 | D:1      | HoaS the Gargoyle Gladiator began the quest for the Orb.
     0 | D:1      | Reached XP level 1. HP: 12/12 MP: 1/1
    34 | D:1      | Found a faded altar of an unknown god.
    78 | D:1      | Found Ysalyigg's Antique Armour Shop.
   125 | D:1      | Reached XP level 2. HP: 14/17 MP: 2/2
   513 | D:1      | Reached skill level 4 in Staves
  1012 | D:1      | Reached XP level 3. HP: 21/21 MP: 3/3
  1392 | D:2      | Reached XP level 4. HP: 26/26 MP: 4/4
  1499 | D:2      | Reached skill level 5 in Staves
  2163 | D:3      | Found a burning altar of Makhleb.
  2197 | D:3      | Reached XP level 5. HP: 29/30 MP: 5/5
  2235 | D:3      | Reached skill level 6 in Staves
  2832 | D:4      | Noticed Edmund
  2844 | D:4      | Slain by Edmund

Illustrated notes

Levels and vault maps discovered:
D:1:      wander_arrival_desolate, layout_basic,
          ebering_ecumenical_altar_petrified, serial_glass, glass_columns_a,
          glass_columns_b, serial_shops, nicolae_shop_behind_doors, st_stairs_1,
          minmay_stone_trees_medium, minmay_misc_feat_rugged
D:2:      layout_rooms, kennysheep_generic_room_10
D:3:      layout_loops_ring, lemuel_doored_altar
D:4:      layout_gridville, lemuel_tele_altar, tgw_sif, marbit_many_paths,
          kennysheep_mini_moat, hangedman_abyss_or_decor_stagger,
          uniq_blork_the_orc, uniq_edmund

Skill      XL: |  1  2  3  4  5 |
---------------+----------------+-----
Staves         | 4 5 6 |  6.1
Fighting       | |  2.1
Throwing       | |  1.7
Dodging        | |  2.4

Action                   |  1- 3 |  4- 6 || total
-------------------------+-------+-------++-------
Melee: Quarterstaff      |    85 |    95 ||   180
Throw: Throwing net      |       |     3 ||     3
  Use: Scroll            |     6 |     4 ||    10
Armor: Leather armour    |    33 |    33 ||    66
Dodge: Dodged            |    53 |    50 ||   103
